[Event "*** Titled Tuesday Blitz"]
[Site "Chess.com"]
[Date "2021.04.20"]
[Round "5"]
[White "ljuks68"]
[Black "Shahaliyev"]
[Result "1-0"]
[WhiteElo "2461"]
[BlackElo "2668"]
[TimeControl "180+1"]
[EndTime "10:54:50 PDT"]
[Termination "ljuks68 won on time"]

1. e4 d6 2. d4 Nf6 3. Nc3 e5 4. dxe5 dxe5 5. Qxd8+ Kxd8 6. f4 Bb4 7. Bd3 Re8 8. fxe5 Nxe4 9. Nf3 Nxc3 10. a3 Ba5 11. Bd2 Nc6 12. bxc3 Nxe5 13. O-O Nxd3 14. cxd3 f6 15.
Nd4 Bb6 16. Kh1 Bxd4 17. cxd4 Be6 18. Rfe1 Kd7 19. Kg1 Bf5 20. Rxe8 Rxe8 21. Re1 Rxe1+ 22. Bxe1 Bxd3 23. Kf2 Kc6 24. Ke3 Bf1 25. g3 Kd5 26. Bb4 Kc4 27. Bf8 Kb3 28. Kd2 f5 29. Ke3 Bh3 30.
Kf4 a5 31. Ke3 Kc4 32. Bxg7 b5 33. Kd2 h5 34. Bf6 b4 35. axb4 axb4 36. Kc2 c6 37. Be5 Kd5 38. Bf6 Kc4 39. Be5 Kd5 40. Bf6 Ke4 41.
Kb3 Kf3 42. Kxb4 Kg2 43. Be5 1-0

[Event "*** Titled Tuesday Blitz"]
[Site "Chess.com"]
[Date "2021.04.20"]
[Round "5"]
[White "KonstantinB_1983"]
[Black "tteshan"]
[Result "1-0"]
[WhiteElo "2505"]
[BlackElo "2256"]
[TimeControl "180+1"]
[EndTime "10:54:50 PDT"]
[Termination "KonstantinB_1983 won by resignation"]

1. d4 d5 2. c4 dxc4 3. Nf3 Nf6 4.
Nc3 a6 5. a4 Nc6 6. e3 Na5 7. Ne5 Be6 8. Be2 g6 9. O-O Bg7 10. Qc2 O-O 11. e4 Nb3 12. Rb1 Nxd4 13. Qd1 Nxe2+ 14. Qxe2 Qd4 15. Nf3 Qc5 16. Be3 Qc6 17. Nd4 Qd7 18. Rfd1 Qc8 19. Nxe6 Qxe6 20. f3 c6 21. a5 Nd7 22. Rbc1 Ne5 23. Na4 Nd3 24.
Rc2 Rad8 25. Nb6 Bd4 26. Nxc4 Nf4 27. Qf2 Bxe3 28. Nxe3 Rxd1+ 29. Nxd1 Rd8 30. Rd2 Nd3 31. Qe3 Qb3 32. h4 c5 33. h5 c4 34. h6 Qb5 35.
Nc3 Qxa5 36. Nd5 Qa1+ 37. Kh2 Rd7 38. Qd4 f6 39. Nxf6+ exf6 40. Qxd7 Qe1 1-0

[Event "*** Titled Tuesday Blitz"]
[Site "Chess.com"]
[Date "2021.04.20"]
[Round "5"]
[White "bilelou"]
[Black "DeTimmerman"]
[Result "0-1"]
[WhiteElo "2624"]
[BlackElo "2823"]
[TimeControl "180+1"]
[EndTime "10:54:51 PDT"]
[Termination "DeTimmerman won by resignation"]

1. e4 e5 2. Nf3 Nc6 3. Bb5 f5 4. d3 fxe4 5. dxe4 Nf6 6. Nc3 Bb4 7.
Qd3 Bxc3+ 8. bxc3 d6 9. Bc4 Na5 10. Bb3 Nxb3 11. axb3 O-O 12. c4 b6 13. O-O Bb7 14.
Re1 Qe8 15. Bg5 Nd7 16. Nd2 Nc5 17. Qg3 Ne6 18. Be3 a5 19. f3 Qe7 20. Nb1 Rf7 21. Nc3 Raf8 22. Nd5 Bxd5 23. cxd5 Nf4 24. Bxf4 Rxf4 25. Qf2 R8f6 26. Qd2 Rg6 27. Rf1 Qg5 28. g3 Rxf3 29. Qxg5 Rxf1+ 30. Kxf1 Rxg5 31. Kf2 Rg6 32. Ke3 Rf6 33. b4 axb4 34. Ra7 Rf7 35.
Ra8+ Rf8 36. Ra7 Rc8 37. Kd3 Kf8 38. Kc4 Ke7 39. Kxb4 Kd7 40. Ra2 Rf8 41. c3 Rf3 42. Re2 h5 43. Kc4 h4 44. gxh4 Rh3 45. Rg2 Rxh4 46. Kd3 Kc8 47. Rxg7 Rxh2 48. Rg3 b5 49. Rg1 Kb7 50. Rb1 Ka6 51. Rb4 Rh3+ 52. Kc2 Kb6 53. c4 Kc5 54. Rxb5+ Kxc4 55. Rb7 Rc3+ 56.
Kd2 Kd4 57. Ra7 Rc4 0-1

[Event "*** Titled Tuesday Blitz"]
[Site "Chess.com"]
[Date "2021.04.20"]
[Round "5"]
[White "PawnEatingZombie"]
[Black "4empechement"]
[Result "0-1"]
[WhiteElo "2192"]
[BlackElo "2485"]
[TimeControl "180+1"]
[EndTime "10:54:51 PDT"]
[Termination "4empechement won on time"]

1. d4 Nf6 2. c4 e6 3. Nc3 Bb4 4. Qc2 d5 5. cxd5 exd5 6. Bf4 c6 7. e3 Be6 8. Bd3 Nbd7 9. Ne2 Rc8 10. h3 h6 11. O-O O-O 12. a3 Be7 13. f3 c5 14.
Rad1 Re8 15. Kh1 a6 16. dxc5 Bxc5 17. Nd4 Qb6 18. Qd2 Qa7 19. Bb1 Nb6 20. Qc2 Nc4 21.
Rfe1 b5 22. Nxe6 Rxe6 23. e4 d4 24. Ne2 Ree8 25. Ng3 Qe7 26. Nf5 Qe6 27. Qf2 d3 28. Qg3 Nh5 29. Qg4 Qg6 30. Bh2 Nxb2 31. Rd2 Bxa3 32. Bxd3 Bb4 33. Rxb2 Bxe1 0-1

[Event "*** Titled Tuesday Blitz"]
[Site "Chess.com"]
[Date "2021.04.20"]
[Round "5"]
[White "GelmanAlexander"]
[Black "Misticpikachu"]
[Result "1-0"]
[WhiteElo "2586"]
[BlackElo "2402"]
[TimeControl "180+1"]
[EndTime "10:54:53 PDT"]
[Termination "GelmanAlexander won by resignation"]

1. d4 d5 2. Nc3 e6 3. Bf4 Nf6 4. Nb5 Na6 5. e3 c6 6. Nc3 Bd6 7. Nf3 O-O 8. Bxa6 bxa6 9. Na4 Ne4 10. O-O f6 11. c4 Qe7 12. Bxd6 Qxd6 13. Qc2 Bd7 14. Rfd1 Rac8 15. Nd2 Nxd2 16. Rxd2 e5 17. dxe5 fxe5 18. Rad1 Be6 19. Nc3 Qb4 20. cxd5 cxd5 21. a3 Qc5 22. Qa4 Rfd8 23. Qxa6 Rd6 24. Qa4 Rb8 25.
h3 h6 26. Qh4 Rf8 27. Qh5 Rf5 28. Qe8+ Kh7 29. Ne4 dxe4 30. Rxd6 Qc2 31. Qxe6 Qxf2+ 32. Kh1 Rf6 33. Qxe5 Qe2 34. R6d2 Rf1+ 35. Rxf1 Qxf1+ 36. Kh2 Qc4 37. Qd4 Qe6 38. Rf2 Qe7 39. Rf4 Qf7 1-0

[Event "*** Titled Tuesday Blitz"]
[Site "Chess.com"]
[Date "2021.04.20"]
[Round "5"]
[White "draksbg"]
[Black "attack2mateU"]
[Result "1-0"]
[WhiteElo "2523"]
[BlackElo "2693"]
[TimeControl "180+1"]
[EndTime "10:54:55 PDT"]
[Termination "draksbg won by checkmate"]

1. e4 c5 2. Nf3 d6 3. Bb5+ Nd7 4. O-O a6 5. Bd3 Ngf6 6. Re1 e6 7. c3 b5 8. c4 Bb7 9. cxb5 axb5 10. Bxb5 Nxe4 11.
d4 Be7 12. dxc5 Nxc5 13. Bf4 O-O 14. Nc3 d5 15. Rc1 Nf6 16. b4 Nce4 17. Qd4 Nxc3 18. Rxc3 Rxa2 19. Rc7 Ba8 20. Rec1 Bd6 21. Bxd6 Qxd6 22.
Ne5 h5 23. Bd3 Ng4 24. Nxg4 hxg4 25. Qxg4 e5 26. h4 e4 27. Bf1 Qf6 28. Qg3 Ra1 29.
Rxa1 Qxa1 30. h5 Qf6 31. b5 d4 32. Bc4 d3 33. Rd7 Kh7 34. b6 Qxb6 35. Bxf7 Qb1+ 36.
Kh2 Qb8 37. Rc7 Qb6 38. Be6 Kh6 39. Qxg7+ Kxh5 40. Bg4+ Kh4 41. g3# 1-0

[Event "*** Titled Tuesday Blitz"]
[Site "Chess.com"]
[Date "2021.04.20"]
[Round "5"]
[White "Sadykov_Ramil"]
[Black "Borsuk_Konstantin"]
[Result "1-0"]
[WhiteElo "2493"]
[BlackElo "2687"]
[TimeControl "180+1"]
[EndTime "10:54:55 PDT"]
[Termination "Sadykov_Ramil won by resignation"]

1. e4 e6 2. d4 d5 3. Nc3 Bb4 4.
e5 b6 5. a3 Bf8 6. h4 Ne7 7. h5 h6 8. Nf3 Ba6 9. Bxa6 Nxa6 10.
Ne2 c5 11. c3 Qd7 12. a4 c4 13. b4 cxb3 14. Qxb3 Nc6 15. Qb5 Nc7 16. Qd3 Na5 17. O-O Qc6 18. Ba3 Bxa3 19. Rxa3 Nc4 20. Ra2 Na6 21. Nd2 Rc8 22. f4 Nxd2 23. Qxd2 g6 24. hxg6 fxg6 25. Qd3 Rg8 26. Qxa6 Rc7 27. Qb5 Kd7 28.
Kf2 Kc8 29. Qxc6 Rxc6 30. g4 Rc7 31. Rh1 Rh7 32. Ke3 Kb7 33. a5 b5 34. a6+ Kb6 35. Nc1 Rc8 36. Ra3 h5 37. Nd3 h4 38.
Nc5 h3 39. Rh2 Rh4 40. Kf3 g5 41. fxg5 Rg8 42. Nxe6 Rg6 43. Kg3 Rh8 44. Nf4 Rxg5 45. Rxh3 Rhg8 46. Nxd5+ Kc6 47. Ne3 b4 48. cxb4 Kb5 49.
Rc3 Kxa6 50. Rh7 R5g6 51. Rcc7 Kb5 52. Rxa7 Kxb4 53. Rhc7 Rb8 54. Rab7+ Rxb7 55. Rxb7+ Kc3 56. Rd7 Kd3 57. Nf5 Ke4 58. Rd6 Rg8 59. e6 Ra8 60. e7 Ra3+ 61. Kh4 1-0

[Event "*** Titled Tuesday Blitz"]
[Site "Chess.com"]
[Date "2021.04.20"]
[Round "5"]
[White "Kobalia"]
[Black "korbul"]
[Result "1-0"]
[WhiteElo "2786"]
[BlackElo "2587"]
[TimeControl "180+1"]
[EndTime "10:54:56 PDT"]
[Termination "Kobalia won by checkmate"]

1. e4 c5 2. Nf3 e6 3. g3 Nc6 4. Bg2 Nf6 5. Qe2 Be7 6. O-O d5 7. exd5 exd5 8. d4 cxd4 9. Rd1 O-O 10. Nxd4 Bg4 11. Bf3 Nxd4 12. Rxd4 Bxf3 13. Qxf3 Bc5 14. Rd1 Qb6 15. Nc3 Ne4 16. Nxd5 Qe6 17. Be3 Rad8 18. Bxc5 Nxc5 19. c4 h6 20. Re1 Qa6 21. b3 Kh8 22.
Re2 b5 23. Nc7 Qg6 24. Nxb5 Nd3 25. Nc3 Nb4 26. Nd5 Nd3 27. Rd1 Nc5 28. b4 Ne6 29. h4 Rd6 30. Red2 Ra6 31. c5 Nd8 32. b5 Ra5 33.
Qb3 Ne6 34. Qb4 Qf5 35. Qxa5 Nxc5 36. Qb4 Ne6 37. Nf4 Re8 38. Nxe6 Rxe6 39. Qf4 Qg6 40. Rd7 Kh7 41. Rxf7 Re2 42. Rdd7 Qb1+ 43. Kg2 Re1 44.
Rxg7+ Kh8 45. Qf8# 1-0

[Event "*** Titled Tuesday Blitz"]
[Site "Chess.com"]
[Date "2021.04.20"]
[Round "5"]
[White "JAAC2002"]
[Black "QuintilianoR"]
[Result "1-0"]
[WhiteElo "2521"]
[BlackElo "2684"]
[TimeControl "180+1"]
[EndTime "10:54:56 PDT"]
[Termination "JAAC2002 won on time"]

1. e4 c5 2. Nf3 d6 3. Bb5+ Nd7 4.
O-O a6 5. Bd3 Ngf6 6. Re1 e6 7.
c3 b5 8. Bc2 Be7 9. d4 Bb7 10.
Nbd2 Qc7 11. Nf1 O-O 12. Ng3 Rfe8 13. h3 Bf8 14. Be3 e5 15. d5 c4 16. Nh2 g6 17.
Qd2 Nc5 18. Rf1 Bg7 19. Bh6 Bc8 20. Bxg7 Kxg7 21. f4 exf4 22. Rxf4 Nfd7 23. Ng4 Ne5 24. Nxe5 Rxe5 25. Raf1 Ra7 26. Rh4 h5 27. Nf5+ Bxf5 28. exf5 Qd8 29. f6+ Kg8 30. g4 Ne4 31. Qh6 Qf8 32.
Qxf8+ Kxf8 33. gxh5 Ng5 34. hxg6 fxg6 35. Rh8+ Kf7 36.
h4 Nh3+ 37. Kh2 1-0

[Event "*** Titled Tuesday Blitz"]
[Site "Chess.com"]
[Date "2021.04.20"]
[Round "5"]
[White "IANOV0007"]
[Black "jacky72"]
[Result "0-1"]
[WhiteElo "2457"]
[BlackElo "2715"]
[TimeControl "180+1"]
[EndTime "10:54:56 PDT"]
[Termination "jacky72 won on time"]

1. Nf3 Nf6 2. g3 g6 3. b3 Bg7 4. Bb2 O-O 5. Bg2 d6 6. d4 Nc6 7.
O-O e5 8. dxe5 dxe5 9. Nxe5 Qxd1 10. Rxd1 Nxe5 11. Bxe5 Re8 12. f4 Bf5 13. Bxb7 Rab8 14. Bc6 Red8 15. Na3 Ng4 16. Bxg7 Kxg7 17. e4 Be6 18. c4 h5 19. Bd5 Bd7 20. e5 h4 21.
Bf3 Bf5 22. Nb5 Ne3 23. Rxd8 Rxd8 24. Nxc7 Rd2 25. Nd5 Bg4 26. Be4 Nf5 27. Bxf5 gxf5 28. Ne3 Bh3 29. c5 Re2 30. Nc4 Rg2+ 31. Kh1 Rc2 32. a4 Bg2+ 33. Kg1 Bc6 34. Nd6 Rg2+ 35. Kf1 Kg6 36. gxh4 Rxh2 37. Re1 Rxh4 38. Kf2 Rxf4+ 39. Ke3 Rg4 40. Kd3 Bd5 41. Re3 f4 42. Re1 f3 43.
Rf1 a5 44. Kc3 Rf4 45. Rf2 Kg5 46. Nc4 Kh4 47. Nxa5 Kg3 48. Rf1 f2 49. Rc1 Re4 50. Rf1 Re1 51. Rxf2 Kxf2 52. b4 Ke3 53. b5 Rc1+ 54. Kb4 Kd4 55. c6 Rb1+ 56. Ka3 Kc3 0-1

[Event "*** Titled Tuesday Blitz"]
[Site "Chess.com"]
[Date "2021.04.20"]
[Round "5"]
[White "politeplayer"]
[Black "Ajedrez_con_German"]
[Result "0-1"]
[WhiteElo "2237"]
[BlackElo "2498"]
[TimeControl "180+1"]
[EndTime "10:54:56 PDT"]
[Termination "Ajedrez_con_German won on time"]

1. e4 d5 2. exd5 Qxd5 3. Nf3 Nf6 4. d4 Bg4 5. Be2 c6 6. c4 Qd8 7. Nc3 e6 8. Bf4 Bd6 9. Bxd6 Qxd6 10. O-O O-O 11. Qd2 Nbd7 12. Rad1 Rad8 13. h3 Bh5 14. Qe3 Bxf3 15. Bxf3 Qb4 16. b3 Rfe8 17. Rfe1 h6 18. Ne4 Nxe4 19. Qxe4 Nf6 20. Qh4 Qa3 21. Re2 Rd7 22.
Red2 Red8 23. g4 Qa5 24. Qg3 Qc7 25. Qxc7 Rxc7 26. h4 Rcd7 27. g5 hxg5 28. hxg5 Nh7 29. g6 fxg6 30. Bg4 Kf7 31. Kg2 Nf6 32. Bh3 Rd6 33. Kf3 g5 34. Ke3 g4 35. Bg2 Rh8 36.
Rh1 Rdd8 37. Rxh8 Rxh8 38. d5 exd5 39. cxd5 Re8+ 40. Kf4 Rd8 41. dxc6 Rxd2 42. cxb7 Rd8 0-1

[Event "*** Titled Tuesday Blitz"]
[Site "Chess.com"]
[Date "2021.04.20"]
[Round "5"]
[White "JoseRemolar"]
[Black "FMOlexandrProhorov"]
[Result "1-0"]
[WhiteElo "2419"]
[BlackElo "2238"]
[TimeControl "180+1"]
[EndTime "10:54:56 PDT"]
[Termination "JoseRemolar won on time"]

1. e4 d6 2. d4 Nf6 3. Nc3 g6 4. f4 Bg7 5. Nf3 c5 6. dxc5 Qa5 7. Bd3 Qxc5 8. Qe2 Bg4 9. Be3 Qc7 10. O-O Nc6 11.
h3 Bxf3 12. Qxf3 O-O 13. a3 Nd7 14. Nd5 Qd8 15. c3 Nc5 16. Bc2 e6 17. Nb4 Qc7 18.
Rad1 Rad8 19. e5 Na6 20. Nxa6 bxa6 21. exd6 Rxd6 22. Bc5 Rxd1 23. Rxd1 Rd8 24. Rxd8+ Nxd8 25. Qe3 Qb7 26. b4 Qd5 27. Bxa7 Nc6 28. Bc5 f5 29.
Qd3 Qa2 30. Kh2 Qa1 31. Qxa6 Qxc3 32. Qxc6 Qxc2 33. Qxe6+ Kh8 34. Qe8+ 1-0

[Event "*** Titled Tuesday Blitz"]
[Site "Chess.com"]
[Date "2021.04.20"]
[Round "5"]
[White "HackingKid98"]
[Black "AlphaHero0"]
[Result "1-0"]
[WhiteElo "2470"]
[BlackElo "2105"]
[TimeControl "180+1"]
[EndTime "10:54:57 PDT"]
[Termination "HackingKid98 won on time"]

1. d4 Nc6 2. Nf3 d6 3. c4 Nf6 4.
Nc3 Bg4 5. d5 Bxf3 6. exf3 Ne5 7. f4 Ng6 8. g3 e5 9. dxe6 fxe6 10. Bg2 c6 11. O-O Be7 12. Re1 e5 13. fxe5 Nxe5 14.
b3 O-O 15. Bb2 Nfg4 16. Ne4 d5 17. cxd5 cxd5 18. Bxe5 Nxe5 19. Nc3 d4 20. Nb5 Nc6 21. Bxc6 bxc6 22. Nxd4 Bf6 23. Ne6 Qb6 24. Nxf8 Bxa1 25. Qxa1 Rxf8 26. Qb2 Qd8 27. Qe2 Kh8 28. Rd1 Qf6 29.
Qd2 h6 30. Qd4 Qf7 31. Qe3 c5 32. Qxc5 Qf3 33. Qd4 a5 34. Rd3 Qf7 35. Qe3 Qf6 36. Qd2 Qf7 37. Rd8 1-0

[Event "*** Titled Tuesday Blitz"]
[Site "Chess.com"]
[Date "2021.04.20"]
[Round "5"]
[White "Witik"]
[Black "Cambek64"]
[Result "1-0"]
[WhiteElo "2682"]
[BlackElo "2478"]
[TimeControl "180+1"]
[EndTime "10:54:58 PDT"]
[Termination "Witik won by resignation"]

1. d4 Nf6 2. Bf4 d6 3. Nf3 g6 4. c4 Bg7 5. Nc3 O-O 6. e3 Nbd7 7.
h3 c5 8. Be2 b6 9. O-O Bb7 10.
Bh2 a6 11. Qc2 Rc8 12. Rad1 Qc7 13. d5 Qb8 14. a4 Ne8 15. e4 Nc7 16. Nd2 Rcd8 17.
f4 e6 18. f5 e5 19. g4 f6 20. Nf3 Rf7 21. h4 Nf8 22. Bg3 Bc8 23. Kh2 Bd7 24. Bd3 b5 25. axb5 axb5 26. b3 b4 27.
Ne2 Qb7 28. g5 Ra8 29. h5 Qc8 30. Rg1 Kh8 31. h6 gxf5 32. exf5 fxg5 33. Nxg5 Qe8 34. Nxf7+ Qxf7 35. hxg7+ Qxg7 36. Qd2 Qf7 37. Bh4 Ne8 38.
Qh6 Ra2 39. Rg2 Bxf5 40. Rf1 Ng7 41. Rxg7 Qxg7 42. Bf6 1-0

[Event "*** Titled Tuesday Blitz"]
[Site "Chess.com"]
[Date "2021.04.20"]
[Round "5"]
[White "DarZay"]
[Black "zurzan"]
[Result "1/2-1/2"]
[WhiteElo "2187"]
[BlackElo "2002"]
[TimeControl "180+1"]
[EndTime "10:54:58 PDT"]
[Termination "Game drawn by stalemate"]

1. e4 Nf6 2. e5 Nd5 3. c4 Nb6 4. d4 d6 5. f4 dxe5 6. fxe5 Nc6 7. Nf3 Bf5 8. Be3 e6 9. a3 Be7 10. Nc3 O-O 11. Be2 f6 12. O-O fxe5 13. Nxe5 Nxe5 14. dxe5 Qe8 15. c5 Nd7 16. c6 bxc6 17. Bd4 c5 18.
Be3 Nxe5 19. Nb5 Qc6 20. Bf4 Bd6 21. Bxe5 Bxe5 22. Qb3 a6 23. Nc3 Rab8 24. Qc4 Bd4+ 25. Kh1 Rxb2 26. Bf3 Qd6 27. Na4 Rc2 28. Qb3 Bxa1 29.
Rxa1 Qd2 30. Rd1 Rc1 31. Nc3 Rxd1+ 32. Qxd1 Qxd1+ 33. Bxd1 Rd8 34. Kg1 Rd3 35. Kf2 Rxc3 36. a4 Ra3 37. h3 Ra2+ 38. Ke3 Rxg2 39. Kf4 Rd2 40. Bb3 Rd3 41. Bc4 Rxh3 42. Bxa6 Ra3 43. Bb5 c4 44. Bxc4 Rxa4 45. Ke5 Rxc4 1/2-1/2

[Event "*** Titled Tuesday Blitz"]
[Site "Chess.com"]
[Date "2021.04.20"]
[Round "5"]
[White "BJthechessgod"]
[Black "jannat65"]
[Result "0-1"]
[WhiteElo "2279"]
[BlackElo "2038"]
[TimeControl "180+1"]
[EndTime "10:55:00 PDT"]
[Termination "jannat65 won on time"]

1. e4 c6 2. d4 d5 3. Nc3 dxe4 4. Nxe4 Bf5 5. Ng3 Bg6 6. h4 h6 7. Nf3 Nd7 8. h5 Bh7 9. Bd3 Bxd3 10. Qxd3 e6 11.
Bf4 Ngf6 12. O-O-O Be7 13. Kb1 b5 14. Ne4 Nxe4 15.
Qxe4 Qb6 16. Ne5 Nxe5 17. Bxe5 O-O 18. Qg4 f6 19. Qxe6+ Kh8 20. Bf4 Rfe8 21. Qf7 Bf8 22. Rh3 Re7 23. Qg6 Qd8 24. Rg3 Qe8 25. Qg4 Qf7 26.
b3 a5 27. Qf5 a4 28. d5 cxd5 29. Qxd5 Qxd5 30. Rxd5 axb3 31. cxb3 Re1+ 32. Kc2 Rxa2+ 33. Kc3 b4+ 34. Kc4 Rc2+ 35. Kb5 Re8 36. Be3 Rb8+ 37. Bb6 Rxf2 38. Rgd3 Re2 39. Rd8 Re8 40. Rxe8 Rxe8 41. Kc6 Rc8+ 42. Kd7 Rc3 43. Rd4 Rxb3 44. Ke8 Kg8 45.
Rd8 Rc3 0-1

[Event "*** Titled Tuesday Blitz"]
[Site "Chess.com"]
[Date "2021.04.20"]
[Round "5"]
[White "Aleksey_Sorokin"]
[Black "Supernotar"]
[Result "1/2-1/2"]
[WhiteElo "2825"]
[BlackElo "2679"]
[TimeControl "180+1"]
[EndTime "10:55:01 PDT"]
[Termination "Game drawn by agreement"]

1. d4 d5 2. c4 dxc4 3. e3 Nf6 4. Bxc4 e6 5. Nf3 a6 6. a4 c5 7. O-O Nc6 8. Nc3 cxd4 9. exd4 Nb4 10. Bg5 Be7 11. Qb3 Nc6 12. Qc2 Nb4 13. Qe2 O-O 14. Rad1 Nfd5 15. Bd2 b6 16. Ne4 Bb7 17. Ne5 a5 18.
Qh5 Rc8 19. b3 Nf6 20. Nxf6+ Bxf6 21. Ng4 Bd5 22. Bxb4 axb4 23. Nxf6+ Qxf6 24. Bxd5 exd5 25. Qxd5 Rfd8 26. Qe4 Rc3 27. d5 Rxb3 28. Rd4 Qd6 29. g3 g6 30. Rc1 Rc3 31. Rb1 b3 32. Kg2 Kg7 33. Rd2 Qc5 34. Qe5+ Kg8 35. Qg5 Re8 36. Qf4 Rc4 37. Qf3 Rc3 38. Rd3 Rxd3 39.
Qxd3 Rd8 40. Qxb3 Rxd5 41. Qxb6 Qc4 42. Qb4 Qd3 43. Rb3 Qf5 44. Rf3 Qc8 45. a5 Qa8 46.
Qe4 Rxa5 47. Qxa8+ Rxa8 48. Re3 1/2-1/2

[Event "*** Titled Tuesday Blitz"]
[Site "Chess.com"]
[Date "2021.04.20"]
[Round "5"]
[White "Chernov_Alexander_A"]
[Black "dodorox"]
[Result "0-1"]
[WhiteElo "2303"]
[BlackElo "2113"]
[TimeControl "180+1"]
[EndTime "10:55:01 PDT"]
[Termination "dodorox won on time"]

1. Nf3 d5 2. g3 Nf6 3. Bg2 e6 4.
O-O c5 5. d3 Nc6 6. Qe1 Be7 7. e3 O-O 8. Nbd2 b6 9. b3 Bb7 10. Bb2 Qc7 11. a3 Rad8 12. Qe2 e5 13. e4 d4 14. a4 a6 15. Nh4 g6 16. Rae1 Rfe8 17. f4 exf4 18. gxf4 Nxe4 19. Nxg6 hxg6 20. dxe4 Nb4 21. Nc4 Bf6 22. e5 b5 23. axb5 axb5 24. Bxb7 Qxb7 25. Na3 Rb8 26. Rc1 Bg7 27. Qg4 Qe4 28.
Rce1 Qf5 29. Qxf5 gxf5 30. Rf2 Kf8 31. Rfe2 Nd5 32. Bc1 Nc3 33. Rg2 Ra8 34. h3 Bh6 35. Rf2 Ne4 36. Kg2 Nxf2 37. Kxf2 Bxf4 38. Bd2 Bxd2 39.
Re2 Rxa3 40. Kf3 Bc3 0-1

[Event "*** Titled Tuesday Blitz"]
[Site "Chess.com"]
[Date "2021.04.20"]
[Round "5"]
[White "KarateBaby"]
[Black "Redzishchess"]
[Result "1-0"]
[WhiteElo "2220"]
[BlackElo "2335"]
[TimeControl "180+1"]
[EndTime "10:55:02 PDT"]
[Termination "KarateBaby won by resignation"]

1. Nf3 c5 2. c4 Nc6 3. Nc3 g6 4. e3 Bg7 5. d4 cxd4 6. exd4 d6 7.
d5 Ne5 8. Nxe5 Bxe5 9. Be2 h5 10. O-O Nh6 11. Be3 Ng4 12. Bxg4 hxg4 13. g3 Qd7 14. Bd4 Qf5 15. Nb5 Kf8 16. Nc7 Rb8 17. Bxa7 Qh5 18.
h4 g5 19. Kg2 gxh4 20. Rh1 h3+ 21. Kh2 f5 22. Bxb8 f4 23. Rg1 Qf5 24. Qd2 Rh7 25.
Rad1 Rf7 26. Ba7 Qe4 27. Qd3 Qf3 28. Qxf3 gxf3 29. Ne6+ Bxe6 30. dxe6 Rf6 31. gxf4 Bxf4+ 32. Kxh3 Rh6+ 33. Kg4 Be5 34. Kxf3 Rxe6 35. Rg4 Rf6+ 36.
Ke2 Bxb2 37. Bd4 Re6+ 38. Kf1 Ba3 39. Rf4+ Ke8 40. Re1 Kd7 41. Rxe6 Kxe6 42. Re4+ Kd7 43. Be3 e5 44. Rh4 Bb4 45. Rh7+ Kc6 46. c5 Bxc5 47. Bxc5 dxc5 48. Ke2 b5 49. Kd3 c4+ 50. Kc3 1-0

[Event "*** Titled Tuesday Blitz"]
[Site "Chess.com"]
[Date "2021.04.20"]
[Round "5"]
[White "CURRUTACO59"]
[Black "Kolle05"]
[Result "0-1"]
[WhiteElo "2187"]
[BlackElo "2336"]
[TimeControl "180+1"]
[EndTime "10:55:02 PDT"]
[Termination "Kolle05 won on time"]

1. Nf3 Nf6 2. e3 g6 3. b3 Bg7 4. Bb2 O-O 5. d4 d5 6. Be2 c5 7.
O-O Nc6 8. dxc5 Qa5 9. a3 Qxc5 10.
b4 Qb6 11. Nbd2 Rd8 12. Qc1 Bf5 13. c4 dxc4 14. Nxc4 Qc7 15. Nce5 Rac8 16. Nxc6 Qxc6 17. Qxc6 Rxc6 18. Rac1 Be4 19. Nd4 Rxc1 20. Rxc1 Ne8 21. f3 Bf5 22. Kf2 Bd7 23. Rc4 Rc8 24. Rxc8 Bxc8 25.
e4 a6 26. Ke3 Nc7 27. Bc1 Kf8 28.
Nb3 Bh6+ 29. f4 e5 30. g3 Ne6 31. Kf3 exf4 32. gxf4 Bg7 33. Be3 Ke7 34. Nc5 f5 35. e5 Bf8 0-1

[Event "*** Titled Tuesday Blitz"]
[Site "Chess.com"]
[Date "2021.04.20"]
[Round "5"]
[White "Zq1"]
[Black "Eloist"]
[Result "0-1"]
[WhiteElo "2535"]
[BlackElo "2382"]
[TimeControl "180+1"]
[EndTime "10:55:03 PDT"]
[Termination "Eloist won on time"]

1. d4 e6 2. c4 Nf6 3. Nc3 Bb4 4.
e3 O-O 5. Bd3 c5 6. Ne2 d5 7.
cxd5 Nxd5 8. a3 cxd4 9. axb4 dxc3 10. bxc3 Nc6 11. O-O Ne5 12. Bc2 b6 13. e4 Nf6 14.
Qd4 Nc6 15. Qxd8 Rxd8 16. Be3 Bb7 17. b5 Ne5 18. Bd4 Nc4 19. Bxf6 gxf6 20. Nd4 Nd6 21. f3 e5 22. Nc6 Bxc6 23. bxc6 Rdc8 24. Bb3 Nb5 25.
Rfc1 Rd8 26. Bd5 Nc7 27. c4 Kf8 28. Ra3 f5 29. Rca1 a5 30. Rb1 Ra6 31. exf5 Nxd5 32. Rd1 Ke7 33. cxd5 b5 34. c7 Rc8 35. d6+ Rxd6 36.
Rxd6 Kxd6 37. Rxa5 Kc5 38. Ra7 Kb6 39. Ra1 Rxc7 40. Kf2 Rc2+ 41. Ke3 Kc5 42. g4 Rxh2 43. f6 b4 0-1

[Event "*** Titled Tuesday Blitz"]
[Site "Chess.com"]
[Date "2021.04.20"]
[Round "5"]
[White "DKmirl"]
[Black "Irishchessman16"]
[Result "0-1"]
[WhiteElo "1880"]
[BlackElo "2277"]
[TimeControl "180+1"]
[EndTime "10:55:03 PDT"]
[Termination "Irishchessman16 won on time"]

1. d4 d5 2. Nf3 Nf6 3. c4 e6 4. g3 Bb4+ 5. Bd2 Be7 6. Bg2 Nbd7 7. cxd5 exd5 8. O-O c6 9. Nc3 O-O 10. Re1 Re8 11. e4 Nxe4 12. Nxe4 dxe4 13. Rxe4 Nf6 14.
Re1 Bf5 15. Qb3 Qb6 16. Qxb6 axb6 17. a3 Nd5 18. Re5 Be6 19. Rae1 Bf6 20. R5e2 Bd7 21.
Rxe8+ Rxe8 22. Rxe8+ Bxe8 23. Ne5 Bd8 24. Bxd5 cxd5 25.
Kf1 Bb5+ 26. Ke1 f6 27. Ng4 Kf7 28. Bb4 Bc7 29. Kd2 Ke6 30. Ne3 h5 31. f4 f5 32. Bf8 g5 33. fxg5 f4 34. gxf4 Bxf4 35. g6 Bxh2 36. Ng2 Bg3 37. g7 Kf7 38. Ke3 Bd7 39. Kf3 h4 40. Nf4 b5 41. Nd3 Bf5 42.
Nc5 Bb8 43. Kg2 h3+ 44. Kh1 Bg4 0-1

[Event "*** Titled Tuesday Blitz"]
[Site "Chess.com"]
[Date "2021.04.20"]
[Round "5"]
[White "lacafi"]
[Black "KetiGrant"]
[Result "1-0"]
[WhiteElo "2218"]
[BlackElo "2333"]
[TimeControl "180+1"]
[EndTime "10:55:04 PDT"]
[Termination "lacafi won on time"]

1. d4 Nf6 2. Nf3 g6 3. c4 Bg7 4.
Nc3 O-O 5. e4 d6 6. Be2 e5 7. dxe5 dxe5 8. O-O c6 9. Qc2 Qc7 10.
Rd1 Nh5 11. b4 Nf4 12. Bxf4 exf4 13. Rab1 Bg4 14. h3 Bxf3 15. Bxf3 Nd7 16. Be2 Ne5 17.
Bf1 f3 18. g3 Rae8 19. a4 f5 20. exf5 Rxf5 21. Ne4 Nf7 22. c5 Rfe5 23. Nd6 Nxd6 24. Rxd6 Kh8 25. Rbd1 R5e7 26. Qb3 Rf8 27. R1d3 Be5 28.
Re6 Rxe6 29. Qxe6 Bxg3 30. Rd7 Bxf2+ 31. Kxf2 Qh2+ 32. Ke1 Qg3+ 33. Kd1 f2 34. Qe7 Qb3+ 35. Ke2 Qf3+ 36. Kd2 Qf4+ 37. Kd1 Qf3+ 38. Kd2 Qf4+ 39. Kd1 Qf3+ 40. Qe2 Qb3+ 41. Qc2 Qf3+ 42. Kc1 Qf4+ 43. Qd2 1-0

[Event "*** Titled Tuesday Blitz"]
[Site "Chess.com"]
[Date "2021.04.20"]
[Round "5"]
[White "frederiksvane"]
[Black "Azerichess"]
[Result "1-0"]
[WhiteElo "2756"]
[BlackElo "2989"]
[TimeControl "180+1"]
[EndTime "10:55:05 PDT"]
[Termination "frederiksvane won by resignation"]

1. e4 c6 2. Nf3 d5 3. exd5 cxd5 4. d4 Nc6 5. c3 g6 6. Bd3 Bg7 7. O-O e6 8. h4 h6 9. Re1 Nge7 10. Nbd2 b6 11.
Nf1 Bb7 12. Bf4 Qd7 13. a4 f6 14. N1h2 Kf7 15. Qd2 Rae8 16. Re2 Nf5 17. Rae1 Re7 18. Ng4 Qe8 19. c4 Ncxd4 20. Nxd4 Nxd4 21. Bxg6+ Kxg6 22. Qxd4 h5 23. Ne3 e5 24. Qd3+ e4 25. Qd2 dxc4 26. Nxc4 Qc6 27. Nd6 Rd8 28. Qe3 Kh7 29.
Nxe4 Rde8 30. Qd3 Kg8 31. f3 Qd5 32. Qxd5+ Bxd5 33. Bd2 f5 34. Nc3 Bxc3 35. Rxe7 Bd4+ 36. Kh2 Rc8 37. Re8+ Kf7 38. Rxc8 Bc5 39. Rc7+ Kf6 40. Rxc5 1-0

[Event "*** Titled Tuesday Blitz"]
[Site "Chess.com"]
[Date "2021.04.20"]
[Round "5"]
[White "crazy_but_lazy"]
[Black "kingofthenil"]
[Result "0-1"]
[WhiteElo "2431"]
[BlackElo "2627"]
[TimeControl "180+1"]
[EndTime "10:55:05 PDT"]
[Termination "kingofthenil won by resignation"]

1. d4 e6 2. c4 Ke7 3. Nc3 Ke8 4. e4 Bb4 5. f4 d5 6. cxd5 exd5 7. e5 Bf5 8. Nf3 Ne7 9. Bd3 Qd7 10. O-O Bxc3 11. bxc3 Nbc6 12. Ba3 b6 13. Nh4 g6 14. Qc2 Kd8 15. Rad1 Bxd3 16. Qxd3 Nf5 17. Nxf5 gxf5 18. c4 Rg8 19. Rd2 Kc8 20. Rc1 Kb7 21. Qc3 Rg4 22. g3 Rag8 23. Qf3 dxc4 24. Rxc4 R8g6 25. d5 Nxe5 26. fxe5 Rxc4 27. d6+ c6 28. Bb2 f4 29. Kg2 fxg3 30. hxg3 Rcg4 31. Rf2 h5 32. Qxf7 Rxg3+ 33. Kf1 Rg7 34. e6 Rxf7 35. exf7 Qh3+ 36. Ke2 Re3+ 37.
Kd2 Rd3+ 38. Kc2 Rf3 39. f8=Q Rxf8 40. Rxf8 Qh2+ 41. Kb3 Qxd6 42. Rf7+ Ka6 43. Rf5 Qe6+ 44. Ka3 Qxf5 0-1